Map: Daybreak LE (Void)

Players

Tykoon

  • Race: Protoss Protoss
  • League: Gold
  • Spawn Location: 7:00

Fropez - Winner!

  • Race: Protoss Protoss
  • League: Gold
  • Spawn Location: 1:00

VOD

Have the link to the VOD?

Description

Time

  • Played on: Dec. 8, 2016, 11:03 a.m.
  • Length: 6:38
Show
View Real Time Build Order
Export as new Build Order

Tykoon Protoss 

Build Orders:  

Get SALT Encoding   

  12  0:01  Probe (Chrono Boost)  
  13  0:12  Probe (Chrono Boost)  
  14  0:19  Pylon  
  14  0:23  Probe (Chrono Boost)  
  15  0:37  Probe (Chrono Boost)  
  15  0:40  Gateway  
  16  0:47  Probe (Chrono Boost)  
  17  0:53  Pylon  
  17  1:08  Pylon  
  17  1:17  Pylon  
  17  1:22  Probe (Chrono Boost)  
  17  1:25  Assimilator  
  18  1:28  Cybernetics Core  
  18  1:36  Probe (Chrono Boost)  
  21  1:40  Zealot (Chrono Boost)  
  21  1:47  Probe (Chrono Boost)  
  22  2:11  Adept (Chrono Boost)  
  24  2:20  Warp Gate (Chrono Boost)  
  24  2:32  Nexus, Gateway  
  26  2:37  Adept (Chrono Boost)  
  26  2:46  Pylon  
  26  2:54  Gateway  
  26  3:04  Adept (Chrono Boost)  
  28  3:10  Assimilator  
  28  3:20  Probe  
  28  3:22  Adept  
  31  3:29  Adept  
  31  3:30  Pylon  
  33  3:44  Pylon, Probe  
  33  3:45  Probe  
  35  3:54  Probe  
  32  3:57  Probe  
  29  4:05  Probe  
  29  4:15  Probe  
  30  4:18  Probe  
  31  4:28  Probe  
  32  4:32  Adept  
  32  4:33  Adept  
  32  4:38  Adept  
  38  4:40  Probe  
  39  5:14  Stalker x2  
  39  5:15  Zealot  
  19  5:51  Probe  
  19  5:53  Probe  
  21  5:58  Pylon  
  21  6:01  Probe  
  18  6:05  Probe  
  17  6:12  Probe  
  13  6:22  Probe  
Show
View Real Time Build Order
Export as new Build Order

Fropez Protoss - Winner!

Build Orders: Oracle Opening 

Get SALT Encoding   

  12  0:00  Probe (Chrono Boost)  
  13  0:11  Probe (Chrono Boost)  
  14  0:19  Pylon  
  14  0:22  Probe (Chrono Boost)  
  15  0:33  Assimilator  
  15  0:37  Probe (Chrono Boost)  
  15  0:42  Gateway  
  16  0:44  Assimilator  
  16  0:48  Probe (Chrono Boost)  
  17  0:54  Assimilator  
  17  0:58  Probe (Chrono Boost)  
  18  1:20  Probe (Chrono Boost)  
  19  1:31  Probe (Chrono Boost)  
  19  1:32  Cybernetics Core  
  20  1:59  Pylon  
  20  2:04  Pylon  
  20  2:06  Probe (Chrono Boost)  
  21  2:17  Stalker  
  21  2:21  Pylon  
  22  2:25  Stargate  
  22  2:26  Probe (Chrono Boost)  
  22  2:29  Warp Gate (Chrono Boost)  
  23  2:37  Probe (Chrono Boost)  
  24  2:47  Probe (Chrono Boost)  
  25  3:02  Stalker  
  27  3:08  Oracle (Chrono Boost)  
  30  3:19  Nexus  
  30  3:25  Probe  
  30  3:26  Pylon  
  31  3:33  Stalker  
  33  3:43  Oracle  
  36  4:19  Gateway  
  36  4:22  Gateway  
  36  4:24  Gateway  
  36  4:27  Oracle (Chrono Boost)  
  39  4:33  Probe  
  39  4:34  Probe  
  41  4:44  Probe  
  40  5:01  Stalker  
  40  5:02  Oracle (Chrono Boost)  
  36  5:38  Stalker x3  
  36  5:39  Stalker  
  44  5:47  Probe x2  
Tags
 
League
GoldGold
Matchup
PvP
Replay Pack
All Mines
Spawn Locations
Cross Positions
Add a new tag
Caveats
  • Supply blocks, unpowered buildings, or Contaminate may cause inaccurate times.
  • Supply counts are checked every 10 seconds.